Unix NetHack Version 5.0.0-0 post-release - last build May 22 2026 02:22:16 (99d1c3b6dc4b13757aaa5824b55bdea4e1e63757,branch:main).

Game began 2026-05-22 23:04:27, ended 2026-05-22 23:25:57.

Jobair, neutral female human Tourist

   -------------
   |.[[.[[.[[[[|                                                    --------
   |[.)[[.[.[[.|                                ---------           |......|
   |[[[[.[[....|                                |....<..|           |......|
   |[[[.[.[....|            -----------         |.......|           |......|
   |].......)[[|            |.........|        #+........###########.......|
   -----|-------            |.........|        #---------#          |......|
        #                   |.........|        ##        ####       |.....{|
        ###                #..Z.......-###      #           ##      -|------
          @                #|.........|  #      #            #       #
          ####             #|....[....|  # -----#            #       #
        -----.------      ##---------|-  ##....|#            #       #
        |..........| ######          #     |...-################0######
        |...`.......##               #     |...|#             #### -.-.--
        |..........|                 ##### |..>|#                # |....|
        |..........|                     # |...|#                ##.....|
        |..........|                     # -----#                  |....|
        ------------                     ########                  ------

Jobair the Sightseer        St:11 Dx:11 Co:18 In:14 Wi:7 Ch:15  Neutral
Dlvl:2  $:771 HP:0(37) Pw:15(15) AC:2  Xp:4 T:1622 

Latest messages:
 You kill the giant rat!
 You miss the goblin.
 The goblin misses!
 You kill the goblin!
 N - an iron skull cap.
 O - a clear potion.
 You see here a giant rat corpse.
 There is a giant rat corpse here; eat it? [ynq] (n) y
 This giant rat corpse is stringy.
 You finish eating the giant rat corpse.
 The grid bug bites!
 You get zapped!
 The zap doesn't shock you!
 You miss the grid bug.
 The grid bug bites!
 You get zapped!
 The zap doesn't shock you!
 You kill the grid bug!
 You hit the large kobold.
 The large kobold misses!
 You miss the large kobold.
 The large kobold misses!
 You kill the large kobold!
 You see here a pair of walking shoes.
 P - a pair of walking shoes.
 You see here a statue of a gnome zombie.
 Pick a monster, object or location.
 You hear the chime of a cash register.
 You hear the chime of a cash register.
 The grid bug misses!
 You kill the grid bug!
 Siverek zaps a short wand!
 The wand hits you!
 The wand hits the small mimic.
 Siverek zaps a wand of striking!
 The wand hits you!
 Siverek zaps a wand of striking!
 The wand misses you.
 Siverek zaps a wand of striking!
 The wand hits you!
 You hear the chime of a cash register.
 Siverek zaps a wand of striking!
 The wand hits you!
 You die...
 Siverek takes the 75 zorkmids you owed him.
 Do you want your possessions identified? [ynq] (y) y
 Do you want to see your attributes? [ynq] (y) y
 Do you want an account of creatures vanquished? [ynaq] (y) y
 Do you want to see your conduct and achievements? [ynq] (y) y
 Do you want to see the dungeon overview? [ynq] (y) y

Inventory:
 Coins    ('$')
  $ - 771 gold pieces
 Weapons  (')')
  a - 28 +2 darts (at the ready)
  K - a +1 shuriken
  q - a +0 long sword (weapon in right hand)
 Armor    ('[')
  z - an uncursed +0 helmet (being worn)
  N - a cursed -2 orcish helm
  P - an uncursed +0 pair of low boots
  F - a blessed +3 pair of water walking boots (being worn)
  B - an uncursed +2 shield of shock resistance (being worn)
  v - an uncursed +0 shield of shock resistance
  L - an uncursed +0 cloak of invisibility
  J - an uncursed +0 dwarvish cloak
  h - an uncursed +0 Hawaiian shirt with a ukulele motif
 Comestibles  ('%')
  b - 6 uncursed food rations
  e - an uncursed pear
  d - an uncursed sprig of wolfsbane
  c - 4 uncursed tripe rations
 Scrolls  ('?')
  r - a blessed scroll of destroy armor
  p - an uncursed scroll of enchant armor
  g - 4 uncursed scrolls of magic mapping
 Spellbooks  ('+')
  l - an uncursed spellbook of dig
  n - an uncursed spellbook of dig
 Potions  ('!')
  f - 2 uncursed potions of extra healing
  M - a cursed potion of oil
  m - an uncursed potion of speed
  O - a potion of unholy water
 Wands    ('/')
  k - a wand of teleportation (0:1)
 Tools    ('(')
  j - an uncursed credit card
  i - an expensive camera (0:80)
 Gems/Stones  ('*')
  s - an uncursed worthless piece of black glass

Jobair the Tourist's attributes:

Background:
 You were a Sightseer, a level 4 female human Tourist.
 You were neutral, nominally on a mission for The Lady
 who was opposed by Blind Io (lawful) and Offler (chaotic).
 You were right-handed.
 You were in the Dungeons of Doom, on level 2.
 You entered the dungeon 1622 turns ago.
 It was nighttime.
 You had 118 experience points, 42 more were needed to attain level 5.

Basics:
 You had 0 out of 37 hit points.
 You had all 15 energy points (spell power).
 Your armor class was 2.
 Your wallet contained 771 zorkmids.
 Autopickup was off.

Final Characteristics:
 Your strength was 11 (limit:18/100).
 Your dexterity was 11 (limit:18).
 Your constitution was 18 (limit:18).
 Your intelligence was 14 (limit:18).
 Your wisdom was 7 (limit:18).
 Your charisma was 15 (limit:18).

Final Status:
 You weren't hungry.
 You were unencumbered.
 You were wielding a long sword.
 You had basic skill with long sword.

Final Attributes:
 You were devoutly aligned.
 You were shock resistant.
 Your items were protected from electric shocks.
 You could walk on water.
 You are dead.

Miscellaneous:
 You didn't encounter any bones levels.
 Total elapsed playing time was 21 minutes and 29 seconds.

Major events:
 Turn
    1: Jobair the neutral female human Tourist entered the dungeon
  717: attained the rank of Sightseer (level 3)
 1622: killed by a wand

You didn't know any spells.

Skills:
 Fighting Skills
   bare handed combat [Unskilled]
   two weapon combat  [Unskilled]
   riding             [Unskilled]
 Weapon Skills
   dagger             [Unskilled]
   knife              [Unskilled]
   axe                [Unskilled]
   pick-axe           [Unskilled]
   short sword        [Unskilled]
   broadsword         [Unskilled]
   long sword         [Basic]
   two-handed sword   [Unskilled]
   saber              [Unskilled]
   mace               [Unskilled]
   morning star       [Unskilled]
   flail              [Unskilled]
   hammer             [Unskilled]
   quarterstaff       [Unskilled]
   polearms           [Unskilled]
   spear              [Unskilled]
   trident            [Unskilled]
   lance              [Unskilled]
   bow                [Unskilled]
   sling              [Unskilled]
   crossbow           [Unskilled]
   dart               [Basic]
   shuriken           [Unskilled]
   boomerang          [Unskilled]
   whip               [Unskilled]
   unicorn horn       [Unskilled]
 Spellcasting Skills
   divination spells  [Unskilled]
   enchantment spells [Unskilled]
   escape spells      [Unskilled]

Voluntary challenges:
 Character rerolling was not enabled.
 You were an atheist.
 You never genocided any monsters.
 You never polymorphed an object.
 You never changed form.
 You used no wishes.
Achievements:
 You entered a shop.
 You attained the rank of Sightseer.

 The Dungeons of Doom: levels 1 to 2
    Level 1:
       A fountain.
    Level 2: <- You were here.
       An armor shop, a fountain.
       Final resting place for
          you, killed by a wand.


Vanquished creatures:
  a floating eye
  2 hobbits
  a large kobold
  2 giant rats
  a brown mold
  2 geckos
  3 jackals
  a fox
  a goblin
 13 grid bugs
  7 lichens
  6 newts
40 creatures vanquished.

No species were genocided or became extinct.

Game over:
                       ----------
                      /          \
                     /    REST    \
                    /      IN      \
                   /     PEACE      \
                  /                  \
                  |      Jobair      |
                  |      771 Au      |
                  | killed by a wand |
                  |                  |
                  |                  |
                  |                  |
                  |       2026       |
                 *|     *  *  *      | *
        _________)/\\_//(\/(/\)/\//\/|_)_______

Aloha Jobair the Tourist...

You died in The Dungeons of Doom on dungeon level 2 with 522 points,
and 771 pieces of gold, after 1622 moves.
You were level 4 with a maximum of 37 hit points when you died.

